 Dungeon Crawl Stone Soup version 0.26.1-2-gb8aa6d0cf2 (webtiles) character file.

Game seed: 10573243324932567001

94 Marvel the Digger (level 4, -5/24 HPs)
             Began as a Deep Elf Earth Elementalist on Feb 14, 2021.
             Slain by a bullfrog (8 damage)
             ... on level 2 of the Dungeon.
             The game lasted 00:04:30 (3132 turns).

Marvel the Digger (Deep Elf Earth Elementalist)     Turns: 3132, Time: 00:04:30

Health: -5/24      AC:  3    Str:  5    XL:     4   Next: 38%
Magic:  11/11      EV: 14    Int: 21    God:
Gold:   117        SH:  0    Dex: 21    Spells: 7/10 levels left

rFire    + . .     SeeInvis .   f - +2 hand axe (venom)
rCold    . . .     Faith    .   (no shield)
rNeg     . . .     Spirit   .   c - +1 robe
rPois    .         Reflect  .   (no helmet)
rElec    .         Harm     .   (no cloak)
rCorr    .         Rampage  .   (no gloves)
Will     .....                  (no boots)
Stlth    +++.......             (no amulet)
HPRegen  0.08/turn              e - ring of protection from fire
MPRegen  0.12/turn              n - +6 ring of dexterity

@: no status effects
A: no striking features
a: no special abilities


You were on level 2 of the Dungeon.
You visited 1 branch of the dungeon, and saw 3 of its levels.

You collected 117 gold pieces.

Inventory:

Hand Weapons
 a - a +0 short sword
 f - a +2 hand axe of venom (weapon)
Missiles
 b - 62 stones
Armour
 c - a +1 robe (worn)
Jewellery
 e - a ring of protection from fire (left hand)
 h - an uncursed ring of protection from fire
 n - a +6 ring of dexterity (right hand)
Scrolls
 d - a scroll of teleportation {unknown}
 g - 2 scrolls of identify {unknown}
Potions
 i - a potion of attraction {unknown}
 j - a potion of lignification {unknown}
 k - a potion of might {unknown}
 l - a potion of resistance {unknown}
 m - a potion of invisibility {unknown}


   Skills:
 + Level 0.2 Fighting
 + Level 0.9 Axes
 + Level 3.2 Dodging
 + Level 3.6 Stealth
 + Level 3.8 Spellcasting
 + Level 1.1 Transmutations
 + Level 4.0 Earth Magic


You had 7 spell levels left.
You knew the following spells:

 Your Spells              Type           Power        Failure   Level
a - Sandblast             Erth           42%          2%          1
b - Passwall              Tmut/Erth      11%          6%          2

Your spell library contained the following spells:

 Spells                   Type           Power        Failure   Level
 Stone Arrow              Conj/Erth      24%          16%         3
 Petrify                  Tmut/Erth      14%          38%         4
 Lee's Rapid Deconstruct  Erth           10%          54%         5


Dungeon Overview and Level Annotations

Branches:
Dungeon (3/15)

Altars:

Annotations:
D:3 Grinder


Message History

There is a stone staircase leading down here.
You climb downwards.
Level annotation: Grinder The bullfrog misses you.
The hobgoblin closely misses you. The bullfrog closely misses you.
The hobgoblin closely misses you.
There is a stone staircase leading up here.
The bullfrog barely misses you. The bullfrog hits you!
The hobgoblin closely misses you.
You climb upwards.
There is a stone staircase leading down here.
The bullfrog barely misses you. The bullfrog closely misses you.
You miss the bullfrog. The bullfrog hits you. The bullfrog barely misses you.
You closely miss the bullfrog. The bullfrog hits you! The bullfrog misses you.
The bullfrog misses you.
You hit the bullfrog but do no damage.
The bullfrog is poisoned.
The bullfrog hits you. x2
* * * LOW HITPOINT WARNING * * *
The bullfrog hits you!
You die...

#.....>#.####.......##
# ########.# ##.....##
# #.# ##...## # #.#
##†## #.# #.# #.#
#.######## #.#
##>)......# #.#
##...#####.#
#@#####.....#.....
#.F.g......##.##.#
#########.<...##.#
#........# ##########


You could see a bullfrog (very poisoned) and a hobgoblin.

Vanquished Creatures
  3 gnolls (D:2)
  2 adders (D:2)
  A dart slug (D:1)
  A leopard gecko (D:2)
  6 bats
  3 giant cockroaches
  6 goblins
  8 hobgoblins
  5 kobolds (D:1)
  4 frilled lizards
  6 rats
45 creatures vanquished.

Notes
Turn   | Place    | Note
-------+----------+-------------------------------------------
     0 | D:1      | Marvel the Deep Elf Earth Elementalist began the quest for
                  | the Orb.
     0 | D:1      | Reached XP level 1. HP: 10/10 MP: 6/6
   335 | D:1      | Reached XP level 2. HP: 15/15 MP: 8/8
   347 | D:1      | Learned a level 2 spell: Passwall
   906 | D:1      | Reached XP level 3. HP: 19/19 MP: 9/9
  1470 | D:2      | Reached skill level 4 in Earth Magic
  1734 | D:2      | Reached XP level 4. HP: 14/24 MP: 2/11
  2862 | D:3      | Noticed Grinder
  2950 | D:3      | Noticed a bullfrog
  3132 | D:2      | Slain by a bullfrog

Illustrated notes

Levels and vault maps discovered:
D:1:      dpeg_cavernosity, layout_basic
D:2:      layout_loops_corners
D:3:      layout_basic, makhleb_altar_promises_db, uniq_grinder

Skill      XL: |  1  2  3 |
---------------+----------+-----
Stealth        | 3 |  3.6
Earth Magic    | 4 |  4.0
Dodging        | 3 |  3.2
Fighting       | |  0.2
Axes           | |  0.9
Spellcasting   | |  3.8
Transmutations | |  1.1

Action                   |  1- 3 |  4- 6 || total
-------------------------+-------+-------++-------
Melee: Short sword       |    17 |       ||    17
       Hand axe          |    49 |    26 ||    75
 Cast: Sandblast         |    11 |     2 ||    13
  Use: Scroll            |       |     1 ||     1
 Stab: Sleeping          |     4 |     1 ||     5
Armor: Robe              |     9 |     8 ||    17
Dodge: Dodged            |    50 |    29 ||    79
